Map: Яганната РВ

Players

GeNieS - Winner!

  • Race: Protoss Protoss
  • League: Master
  • Spawn Location: 1:00

soul

  • Race: Protoss Protoss
  • League: Master
  • Spawn Location: 7:00

VOD

Have the link to the VOD?

Description

Time

  • Played on: Feb. 8, 2021, 9:28 a.m.
  • Length: 5:37
Show
View Real Time Build Order
Export as new Build Order

GeNieS Protoss - Winner!

Build Orders: Blink Stalkers, Dark Templar Rush 

Get SALT Encoding   

  12  0:00  Probe  
  13  0:12  Probe  
  14  0:17  Pylon  
  14  0:24  Probe (Chrono Boost)  
  16  0:37  Probe (Chrono Boost), Gateway  
  16  0:42  Probe (Chrono Boost)  
  16  0:46  Assimilator  
  17  0:52  Probe (Chrono Boost)  
  17  0:54  Assimilator  
  18  1:04  Probe (Chrono Boost)  
  18  1:08  Gateway  
  19  1:13  Probe (Chrono Boost)  
  20  1:18  Probe  
  21  1:26  Cybernetics Core  
  21  1:31  Probe  
  22  1:37  Pylon  
  22  1:43  Probe  
  23  2:03  Stalker x2  
  23  2:04  Warp Gate  
  27  2:12  Twilight Council  
  27  2:18  Pylon  
  27  2:35  Stalker x2  
  31  2:40  Pylon  
  31  2:51  Dark Shrine  
  31  2:59  Gateway  
  31  3:22  Nexus  
  31  3:28  Blink (Chrono Boost)  
  31  3:34  Pylon  
  31  3:38  Probe  
  32  3:55  Stalker x2  
  36  3:57  Stalker  
  38  4:20  Stalker x3  
  44  4:25  Probe  
  43  4:54  Stalker x2  
  43  4:55  Stalker  
  43  4:56  Probe x2  
  51  5:08  Probe x2  
  53  5:20  Probe  
Show
View Real Time Build Order
Export as new Build Order

soul Protoss 

Build Orders:  

Get SALT Encoding   

  12  0:02  Probe  
  13  0:14  Probe  
  14  0:18  Pylon  
  14  0:26  Probe (Chrono Boost)  
  15  0:38  Probe (Chrono Boost)  
  15  0:40  Gateway  
  16  0:45  Probe (Chrono Boost)  
  16  0:48  Assimilator  
  17  0:52  Probe  
  18  1:00  Assimilator  
  18  1:04  Probe (Chrono Boost)  
  18  1:11  Gateway  
  19  1:16  Probe (Chrono Boost)  
  20  1:24  Probe (Chrono Boost)  
  21  1:29  Cybernetics Core  
  21  1:31  Probe  
  22  1:36  Pylon  
  22  1:43  Probe  
  23  1:55  Probe  
  24  2:07  Sentry (Chrono Boost)  
  28  2:09  Warp Gate  
  28  2:14  Stalker (Chrono Boost)  
  28  2:19  Pylon  
  28  2:24  Stalker (Chrono Boost)  
  30  2:41  Nexus  
  30  2:49  Shield Battery  
  30  2:52  Probe  
  31  3:04  Probe (Chrono Boost)  
  32  3:08  Stalker  
  34  3:14  Stalker  
  34  3:16  Probe (Chrono Boost)  
  37  3:24  Probe (Chrono Boost)  
  38  3:32  Probe, Robotics Facility  
  39  3:41  Twilight Council  
  39  3:45  Pylon  
  39  3:53  Probe x2  
  41  3:57  Sentry x2  
  45  4:03  Pylon  
  45  4:05  Probe  
  46  4:14  Probe  
  47  4:17  Probe  
  48  4:25  Forge  
  48  4:26  Probe  
  48  4:29  Assimilator  
  50  4:41  Stalker, Zealot  
  50  4:42  Probe  
  50  4:44  Probe  
  48  4:47  Immortal (Chrono Boost)  
  48  4:54  Probe  
  49  5:02  Stalker  
  49  5:04  Stalker  
Tags
 
Add a new tag
Caveats
  • Supply blocks, unpowered buildings, or Contaminate may cause inaccurate times.
  • Supply counts are checked every 10 seconds.